 Dungeon Crawl Stone Soup version 0.24.0-123-gd5b16e6ec5 (webtiles) character file.

Game seed: 2530295328923647903, levelgen mode: deterministic

22 Locuples the Cudgeler (level 2, -2/22 HPs)
             Began as a Demonspawn Gladiator on Jan 23, 2020.
             Slain by an adder (5 damage)
             ... on level 2 of the Dungeon.
             The game lasted 00:03:30 (556 turns).

Locuples the Cudgeler (Demonspawn Gladiator)         Turns: 556, Time: 00:03:31

Health: -2/22      AC:  4    Str: 14    XL:     2   Next: 68%
Magic:  5/11       EV: 13    Int:  9    God:
Gold:   30         SH:  0    Dex: 16    Spells: 1/1 levels left

rFire    . . .     SeeInvis .   h - -2 flail (curse)
rCold    . . .     Gourm    +   (no shield)
rNeg     . . .     Faith    .   b - +0 leather armour
rPois    .         Spirit   .   c - +0 helmet
rElec    .         Reflect  .   (no cloak)
rCorr    .         Harm     .   (no gloves)
MR       .....                  (no boots)
Stlth    ++........             e - amulet of the gourmand
HPRegen  0.07/turn              i - ring of magical power
MPRegen  0.12/turn              (no ring)

@: lethally poisoned (-2 -> -7)
A: thin skeletal structure 1
a: no special abilities


You were on level 2 of the Dungeon.
You were not hungry.

You visited 1 branch of the dungeon, and saw 2 of its levels.

You collected 30 gold pieces.

Inventory:

Hand Weapons
 a - a +0 flail
 h - a cursed -2 flail (weapon)
Missiles
 d - 3 throwing nets (quivered)
Armour
 b - a +0 leather armour (worn)
 c - a +0 helmet (worn)
Jewellery
 e - an amulet of the gourmand (around neck)
 i - a ring of magical power (left hand)
Scrolls
 g - 2 scrolls of amnesia
Comestibles
 f - a ration


   Skills:
 - Level 2.1 Fighting
 + Level 3.3 Maces & Flails
 - Level 1.7 Throwing
 - Level 0.5 Armour
 - Level 2.8 Dodging


You had one spell level left.
You didn't know any spells.
Your spell library was empty.

Dungeon Overview and Level Annotations

Branches:
Dungeon (2/15)

Altars:
Yredelemnul


Innate Abilities, Weirdness & Mutations

You have a somewhat thin skeletal structure. (Dex +2, Stealth)


Message History

The adder bites you.
You barely miss the leopard gecko. The bat misses you. The adder bites you.
You are more poisoned.
The adder poisons you! The leopard gecko bites you.
The adder bites you but does no damage. The leopard gecko bites you.
* * * LOW HITPOINT WARNING * * *
* * * LOW HITPOINT WARNING * * *
You feel sick. The bat closely misses you.
The dart slug bites you but does no damage.
The adder bites you but does no damage.
You hit the dart slug.
The dart slug is heavily wounded.
* * * LOW HITPOINT WARNING * * *
You feel sick. The adder bites you but does no damage.
The dart slug barely misses you.
You hit the dart slug but do no damage.
The dart slug is heavily wounded.
* * * LOW HITPOINT WARNING * * *
You feel sick. The adder bites you.
You die...

..). .... ... ..# #?#
##### #.#
#...#########.######.
###
##.#..........w.....!.
..#
##..###########@#######
#.# ##..## #######S####
... ...## ≈.≈≈≈.lb≈..#
#.# .### ≈≈.≈≈≈≈....#
#.# .# ≈≈≈≈≈≈≈≈≈.≈# #.#
.######..≈≈≈≈≈≈≈≈≈≈≈#
##.#
#........≈≈≈≈≈≈≈≈≈≈≈#
#..#
#.#####.≈≈≈≈.K♣≈≈≈≈.#
#..### ..# ≈≈≈≈_≈≈≈≈.≈#
##....#


You could see an adder, a dart slug, a leopard gecko, a bat and a kobold.

Vanquished Creatures
  A dart slug (D:2)
  A leopard gecko (D:2)
  2 bats (D:1)
  A giant cockroach (D:1)
  2 goblins (D:1)
  A hobgoblin (D:1)
  4 jackals (D:1)
  A quokka (D:2)
  4 rats
17 creatures vanquished.

Notes
Turn   | Place    | Note
-------+----------+-------------------------------------------
     0 | D:1      | Locuples the Demonspawn Gladiator began the quest for the
                  | Orb.
     0 | D:1      | Reached XP level 1. HP: 16/16 MP: 1/1
   110 | D:1      | Reached skill level 3 in Maces & Flails
   115 | D:1      | Gained mutation: You have a somewhat thin skeletal
                  | structure. (Dex +2, Stealth) [demonic ancestry]
   115 | D:1      | Reached XP level 2. HP: 17/22 MP: 2/2
   387 | D:1      | You fall into a shaft and drop 1 floor!
   387 | D:2      | Found a basalt altar of Yredelemnul.
   546 | D:2      | Found a faded altar of an unknown god.
   556 | D:2      | Slain by an adder

Levels and vault maps discovered:
D:1:      dpeg_arrival_windows_large_door, layout_loops_ring,
          due_unseen_surprise
D:2:      layout_rooms, lemuel_round_altar, yredelemnul_altar_generic,
          chequers_ecumenical_altar_island

Skill      XL: |  1 |
---------------+----+-----
Maces & Flails | 3 |  3.3
Fighting       | |  2.1
Throwing       | |  1.7
Armour         | |  0.5
Dodging        | |  2.8

Action                   || total
-------------------------++-------
Melee: Flail             ||    58
  Use: Scroll            ||     2
 Stab: Sleeping          ||     1
Armor: Leather armour    ||    27
Dodge: Dodged            ||    63
